 Dungeon Crawl Stone Soup version 0.29-a0-40-g8eb35efe60 (webtiles) character file.

Game seed: 988389954288344994

3369 Ajdolov the Magician (level 10, -16/56 HPs)
             Began as an Octopode Earth Elementalist on Feb 1, 2022.
             Was an Initiate of Vehumet.
             Killed from afar by a tengu conjurer (19 damage)
             ... with a bolt of lightning
             ... on level 8 of the Dungeon.
             The game lasted 00:16:38 (8541 turns).

Ajdolov the Magician (Octopode Earth Elementalist)  Turns: 8541, Time: 00:16:38

Health: -16/56     AC:  1    Str:  8    XL:     10   Next: 3%
Magic:  1/21       EV: 13    Int: 21    God:    Vehumet [......]
Gold:   236        SH:  5    Dex: 13    Spells: 18/24 levels left

rFire   . . .      SeeInvis .   t - staff of conjuration
rCold   . . .      Faith    .   (no shield)
rNeg    . . .      Spirit   .   (helmet restricted)
rPois   .          Reflect  +   C - amulet of reflection
rElec   .          Harm     .   a - ring of wizardry
rCorr   .          Rampage  .   s - ring of willpower
Will    +....                   (no ring)
Stlth   +++.......              (no ring)
HPRegen 0.18/turn               (no ring)
MPRegen 0.17/turn               (no ring)
                                (no ring)
                                (no ring)

@: no status effects
A: almost no armour, amphibious, 8 rings, camouflage 1, gelatinous body 1,
(nimble swimmer 1), tentacles
a: Renounce Religion


You were on level 8 of the Dungeon.
You worshipped Vehumet.
Vehumet was noncommittal.
You visited 2 branches of the dungeon, and saw 9 of its levels.

You collected 258 gold pieces.
You spent 22 gold pieces at shops.

Inventory:

Hand Weapons
 w - a +5 quarterstaff
Missiles
 p - 26 stones
 y - a throwing net
Magical Staves
 t - a staff of conjuration (weapon)
 D - a staff of cold
Jewellery
 a - a ring of wizardry (left tentacle)
 o - an amulet of regeneration
 s - a ring of willpower (right tentacle)
 C - an amulet of reflection (around mantle)
Wands
 j - a wand of mindburst (9)
 z - a wand of flame (30)
Scrolls
 b - a scroll of brand weapon {unknown}
 c - 2 scrolls of immolation {unknown}
 d - a scroll of blinking {unknown}
 e - 2 scrolls of magic mapping {unknown}
 k - a scroll of fog {unknown}
 m - 3 scrolls of teleportation {unknown}
 q - 2 scrolls of identify
 u - 2 scrolls of torment {unknown}
 x - a scroll of noise {unknown}
 A - a scroll of fear {unknown}
 B - a scroll of summoning {unknown}
Potions
 f - a potion of berserk rage {unknown}
 g - 5 potions of curing
 h - a potion of invisibility {unknown}
 i - 2 potions of lignification
 l - a potion of might {unknown}
 n - a potion of mutation {unknown}
 r - a potion of flight {unknown}
 v - 2 potions of heal wounds {unknown}


   Skills:
 - Level 2.0 Dodging
 - Level 2.6 Stealth
 + Level 7.9 Spellcasting
 + Level 7.7 Conjurations
 + Level 4.1 Translocations
 - Level 1.7 Transmutations
 - Level 7.0 Earth Magic


You had 18 spell levels left.
You knew the following spells:

 Your Spells              Type           Power      Damage    Failure   Level
a - Sandblast             Erth           74%        2d16      1%          1
b - Stone Arrow           Conj/Erth      100%       3d13      1%          3
c - Blink                 Tloc           50%        N/A       1%          2

Your spell library contained the following spells:

 Spells                   Type           Power      Damage    Failure   Level
 Passwall                 Tmut/Erth      21%        N/A       1%          2
 Lesser Beckoning         Tloc           25%        N/A       1%          3
 Petrify                  Tmut/Erth      26%        N/A       5%          4
 Tukima's Dance           Hex            8%         N/A       10%         3
 Manifold Assault         Tloc           25%        N/A       16%         5
 Anguish                  Hex/Necr       4%         N/A       32%         4
 Enfeeble                 Hex            4%         N/A       100%        7


Dungeon Overview and Level Annotations

Branches:
Dungeon (8/15)             Temple (1/1) D:6
   Lair: D:8-11

Altars:
Fedhas
Hepliaklqana
Nemelex Xobeh
Sif Muna
Vehumet
Zin
The Shining One

Shops:
D:5 *

Annotations:
D:4 1 runed translucent door, Crazy Yiuf
D:8 2 runed translucent doors


Innate Abilities, Weirdness & Mutations

You cannot wear most types of armour.
You are amphibious.
You can wear up to eight rings at the same time.
Your skin changes colour to match your surroundings (Stealth+).
Your rubbery body absorbs attacks. (AC +1, EV +1)
((You are camouflaged when in or above water. (Stealth+)))
You have tentacles for arms and can constrict up to eight enemies at once.


Message History

The tengu conjurer barely misses you.
You barely miss the tengu conjurer. Your grab misses the tengu conjurer.
Your squeeze misses the tengu conjurer.
The tengu conjurer is severely wounded.
The tengu conjurer gestures wildly while chanting.
The tengu conjurer conjures a globe of magical energy!
The tengu conjurer hits you! The tengu conjurer pecks you.
The tengu conjurer claws you.
A battlesphere comes into view.
The tengu conjurer blocks your attack.
Your grab misses the tengu conjurer. Your squeeze misses the tengu conjurer.
The tengu conjurer is severely wounded.
The tengu conjurer gestures wildly while chanting.
The tengu conjurer blinks!
Unknown command.
You feel better. The tengu conjurer hits you. The tengu conjurer pecks you.
The tengu conjurer claws you.
Things that are here:
a +0 morningstar; a +0 robe You closely miss the tengu conjurer.
Your grab misses the tengu conjurer. Your squeeze misses the tengu conjurer.
The tengu conjurer is severely wounded.
The tengu conjurer hits you! You block the tengu conjurer's attack.
The tengu conjurer barely misses you.
You completely miss the tengu conjurer. Your grab misses the tengu conjurer.
The tengu conjurer is severely wounded.
You block the tengu conjurer's attack. x2
The tengu conjurer closely misses you.
You hit the tengu conjurer but do no damage.
You blast the tengu conjurer.
Your grab misses the tengu conjurer. Your squeeze misses the tengu conjurer.
The tengu conjurer is severely wounded.
The tengu conjurer gestures wildly while chanting.
The tengu conjurer blinks!
The tengu conjurer points at you and mumbles some strange words.
The bolt of lightning hits you!
* * * LOW HITPOINT WARNING * * *
The bolt of lightning hits you!!
You die...

.......# #.+.
#.####.# #.+
##.###.### #.#
#.#......# ####.##
.##.##.#.# ##....|#
.
#.##.#.#####..###'#
.....#....##.##...#
......####....#Q#)##
.##.##.# #.#..#@##.#
. ..##.# #.##.#.#.##
...##.# #.##.#*###
.. #.# #....##.)..#
#.#... ##### #.###.
#.# ##


You could see a tengu conjurer and a battlesphere.

Vanquished Creatures
  2 centaur zombies
  A wyvern (D:7)
  Eustachio (D:5)
  A steam dragon (D:6)
  2 water moccasins (D:7)
  3 orc warriors
  An ice beast (D:7)
  A sky beast (D:6)
  3 black bears
  2 centaurs
  2 ogres
  A phantom (D:5)
  2 bullfrogs (D:6)
  2 wyvern zombies (D:6)
  3 scorpions
  A wight (D:8)
  2 jellies (D:5)
  A bullfrog zombie (D:6)
  3 orc priests
  A gnoll shaman (D:5)
  A centaur skeleton (D:7)
  Ijyb (D:5)
  3 iguanas
  8 orc wizards
  2 scorpion zombies (D:5)
  A hound zombie (D:5)
  3 gnolls (D:6)
  6 adders
  A howler monkey skeleton (D:6)
  2 white imps
  An ufetubus (D:5)
  An adder skeleton (D:4)
  A dart slug (D:5)
  21 orcs
  6 endoplasms
  3 giant cockroaches
  5 goblins
  5 hobgoblins
  8 kobolds
  4 quokkas
  9 ball pythons
  7 bats
  3 frilled lizards
  2 quokka skeletons (D:4)
  6 rats
145 creatures vanquished.

Notes
Turn   | Place    | Note
-------+----------+-------------------------------------------
     0 | D:1      | Ajdolov the Octopode Earth Elementalist began the quest for
                  | the Orb.
     0 | D:1      | Reached XP level 1. HP: 11/11 MP: 3/3
   299 | D:1      | Reached XP level 2. HP: 17/17 MP: 3/5
   387 | D:1      | Found a faded altar of an unknown god.
   387 | D:1      | Noticed a shadow demon
  1098 | D:1      | Reached XP level 3. HP: 21/21 MP: 4/6
  1104 | D:1      | Learned a level 3 spell: Stone Arrow
  1765 | D:2      | Reached skill level 1 in Conjurations
  1872 | D:2      | Reached XP level 4. HP: 27/27 MP: 4/7
  2526 | D:2      | Reached XP level 5. HP: 19/31 MP: 3/8
  2731 | D:3      | Found a glowing silver altar of Zin.
  3669 | D:4      | Reached XP level 6. HP: 36/36 MP: 0/10
  3960 | D:4      | Found a runed translucent door.
  3961 | D:4      | Noticed Crazy Yiuf
  4331 | D:5      | Entered Level 5 of the Dungeon
  4334 | D:5      | Reached skill level 5 in Earth Magic
  4501 | D:5      | Reached XP level 7. HP: 38/41 MP: 2/12
  4788 | D:5      | Noticed Eustachio
  4797 | D:5      | Found Tiath's General Store.
  4867 | D:5      | Killed Eustachio
  5000 | D:5      | Bought a scroll of identify for 22 gold pieces
  5018 | D:5      | Noticed Ijyb
  5190 | D:5      | Reached skill level 5 in Conjurations
  5190 | D:5      | Reached XP level 8. HP: 46/46 MP: 8/15
  5313 | D:5      | Killed Ijyb
  5358 | D:5      | Reached skill level 5 in Spellcasting
  6398 | D:6      | Found a staircase to the Ecumenical Temple.
  6425 | D:5      | Reached XP level 9. HP: 43/51 MP: 2/18
  6644 | Temple   | Entered the Ecumenical Temple
  6704 | Temple   | Became a worshipper of Vehumet
  6846 | D:6      | Learned a level 2 spell: Blink
  7185 | D:7      | Reached skill level 1 in Translocations
  8496 | D:8      | Found a large runed translucent door.
  8496 | D:8      | Found a large runed translucent door.
  8527 | D:8      | Reached XP level 10. HP: 50/56 MP: 12/21
  8541 | D:8      | Killed from afar by a tengu conjurer

Illustrated notes

Levels and vault maps discovered:
D:1:      lightli_arrival_statuegarden, layout_basic,
          dreamdust_ecumenical_altar_sealed_demon
D:2:      layout_loops_ring, minmay_misc_feat_secret_circle, serial_bayou_pond_e
D:3:      layout_basic, old_standard_altar, minmay_misc_feat_four_crosses,
          grunt_ministairs_7, serial_park_tiny_2, minmay_misc_feat_cross
D:4:      layout_basic, kennysheep_potato, uniq_crazy_yiuf_cottage
D:5:      layout_rooms, serial_shops, shop, nicolae_figureground_pulse,
          uniq_eustachio, uniq_ijyb
D:6:      layout_basic, minmay_temple_entry_slanted, glass_columns_b
D:7:      layout_loops_corners, st_stairs_4
D:8:      layout_loops_cross, minmay_hollow_rounded_squares
Temple:   minmay_crystal_snake_temple

Skill      XL: |  1  2  3  4  5  6  7  8  9 |
---------------+----------------------------+-----
Earth Magic    | 4 5 6 7 |  7.0
Conjurations   | 1 2 3 4 5 6 7 |  7.7
Spellcasting   | 3 4 6 7 |  7.9
Translocations | 4 |  4.1
Dodging        | |  2.0
Stealth        | |  2.6
Transmutations | |  1.7

Action                   |  1- 3 |  4- 6 |  7- 9 | 10-12 || total
-------------------------+-------+-------+-------+-------++-------
Melee: Unarmed           |     4 |       |       |       ||     4
       Tentacles         |     2 |    13 |    15 |       ||    30
       Dagger            |     5 |    51 |       |       ||    56
       Constrict         |     1 |    15 |    16 |       ||    32
       Punch             |       |     1 |     1 |       ||     2
       Staff             |       |       |    42 |     5 ||    47
 Cast: Sandblast         |    44 |    17 |    10 |     4 ||    75
       Stone Arrow       |       |    16 |    98 |     3 ||   117
  Use: Scroll            |       |       |     3 |       ||     3
       Potion            |       |       |       |     1 ||     1
 Stab: Sleeping          |     2 |     4 |       |       ||     6
Armor: Skin              |     1 |     6 |     5 |     1 ||    13
Dodge: Dodged            |    24 |    48 |    70 |     5 ||   147
Block: Other             |       |       |     2 |     4 ||     6

Table legend: (Time is in decaauts)
 A = Elapsed time spent in this place.
 B = Non-inter-level travel time spent in this place.
 C = Inter-level travel time spent in this place.
 D = Time resting spent in this place.
 E = Time spent auto-exploring this place.
 F = Levels seen in this place.
 G = Mean time per level.
                   A        B        C        D        E       F      G
               +--------+--------+--------+--------+--------+-----+--------+
         Total |   8556 |   8278 |    278 |   1789 |   5387 |   9 |  950.7 |
       Dungeon |   8471 |   8216 |    255 |   1789 |   5332 |   8 | 1058.9 |
        Temple |     84 |     61 |     23 |      0 |     55 |   1 |   84.0 |
               +--------+--------+--------+--------+--------+-----+--------+

Top non-repeatable levels by time:
     D:5: 1563 daAuts
     D:1: 1420 daAuts
     D:7: 1391 daAuts
     D:2: 1197 daAuts
     D:4: 998 daAuts
     D:6: 972 daAuts
     D:3: 853 daAuts
  Temple: 84 daAuts
     D:8: 74 daAuts
